cohdb
Replays
Latest Replays
All Replays
Popular Replays
Top Player Replays
Match Explorer
How It Works
Community
CoH3 Stats
Reddit
Sign in to upload your games and track your stats! →
Sign in with Steam
Match 40913723
Unlisted
Match 40913723
Overview
Messages
Build Orders
End
Kettenkrad Recon Vehicle
Construct Infanterie Kompanie
Selects Terror Battlegroup
Selects Terror Battlegroup
Grenadier Squad
MG 42 Machine Gun Team
Selects Machine Gun Camouflage
GrW 34 Mortar Team
Construct Panzergrenadier Kompanie
251 Medium Carrier
Pak 40 Anti-tank Gun Team
Panzergrenadier Squad
251 Medium Carrier
Support Elements
Selects Contempt for the Weak
Construct Panzer Kompanie
Stoßtruppen Squad
Panzer IV Medium Tank
Panzer Officer Quarters
Selects No Quarter
Panzer IV Medium Tank
Panzergrenadier Officer Quarters
Side Skirts
Selects Propaganda Leaflet Drop
Selects V1 Rocket Strike
Panzer IV Medium Tank
251 Medium Carrier
Selects V1 Rocket Strike
V1 Rocket Strike
Panzer IV Medium Tank
Panzer IV Medium Tank
V1 Rocket Strike
Bebbo
FrodoBagginYa
GG D’Agostino♿
Voodoo408
TriggerConroy
WildNoUT
Eredar
Zexe
0
0
Comments
sign in to comment!
No comments posted yet!